 Dungeon Crawl Stone Soup version 0.21.1-1-g345015f (webtiles) character file.

1764 Monsterracer the Destroyer (level 8, -6/63 HPs)
             Began as a Black Draconian Wizard on Apr 14, 2018.
             Killed from afar by a ynoxinul (17 damage)
             ... with an iron shot
             ... on level 1 of the Abyss.
             The game lasted 00:11:23 (6994 turns).

Monsterracer the Destroyer (Black Draconian Wizard) Turns: 6994, Time: 00:11:23

Health: -6/63      AC: 12    Str: 14    XL:     8   Next: 79%
Magic:  16/24      EV: 13    Int: 28    God:
Gold:   339        SH:  0    Dex:  9    Spells: 8/17 levels left

rFire    . . .     SeeInvis .   y - +0 dagger of the Tooth {venom, Str+3 Int+4}
rCold    . . .     Gourm    .   (no shield)
rNeg     . . .     Faith    .   (armour unavailable)
rPois    .         Spirit   .   a - +1 hat
rElec    +         Reflect  .   i - +1 cloak
rCorr    .         Harm     .   (no gloves)
MR       .....                  A - +2 pair of boots
Stlth    ++........             (no amulet)
HPRegen  0.20/turn              o - ring of magical power
MPRegen  0.19/turn              D - +4 ring of intelligence

@: no status effects
A: breathe lightning, unfitting armour, electricity resistance, cold-blooded, AC
+6
a: Breathe Lightning


You were on level 1 of the Abyss.
You were not hungry.

You visited 1 branch of the dungeon, and saw 6 of its levels.
You visited the Abyss 1 time.

You collected 339 gold pieces.

Inventory:

Hand Weapons
 y - the +0 dagger of the Tooth (weapon) {venom, Str+3 Int+4}
   (You found it on level 3 of the Dungeon)

   It poisons the flesh of those it strikes.
   It affects your strength (+3).
   It affects your intelligence (+4).
 J - the +3 dagger of Conscience {antimagic, rElec rC+}
   (You found it on level 6 of the Dungeon)

   It reduces the magical energy of the wielder, and disrupts the spells and
   magical abilities of those hit.
   Natural abilities and divine invocations are not affected.
   It protects you from cold.
   It insulates you from electricity.
 K - a +2 broad axe of draining
Armour
 a - a +1 hat (worn)
 g - a scarf of cloud immunity
 i - a +1 cloak (worn)
 A - a +2 pair of boots (worn)
Jewellery
 d - an uncursed ring of resist corrosion {!d}
 o - a ring of magical power (left hand)
 t - an uncursed ring of flight
 D - a +4 ring of intelligence (right hand)
 G - a +3 ring of intelligence
Wands
 j - a wand of polymorph (10)
 m - a wand of iceblast (8)
 w - a wand of disintegration (16)
 I - a wand of paralysis (9)
Scrolls
 f - a scroll of teleportation
 k - a scroll of magic mapping {!r}
 v - a scroll of amnesia
 x - a scroll of remove curse
 B - a scroll of blinking
 E - a scroll of fog
Potions
 b - a potion of haste {unknown}
 e - 2 potions of resistance {unknown}
 h - 2 potions of magic
 l - 2 potions of heal wounds {unknown}
 n - 2 potions of flight {unknown}
 p - 3 potions of lignification
 q - a potion of might {unknown}
 r - 3 potions of curing
 s - 3 potions of agility
 u - a potion of cancellation {unknown}
 z - 2 potions of berserk rage {unknown}
 C - 2 potions of mutation {unknown}
 H - a potion of brilliance {unknown}
Comestibles
 c - 9 rations


   Skills:
 - Level 3.2 Fighting
 - Level 3.3 Dodging
 + Level 1.8 Stealth
 - Level 5.1 Spellcasting
 - Level 8.5 Conjurations
   Level 1.0 Summonings
 - Level 1.0 Translocations
 - Level 3.0 Fire Magic
 - Level 2.1 Air Magic


You had 8 spell levels left.
You knew the following spells:

 Your Spells              Type           Power        Failure   Level  Hunger
a - Magic Dart            Conj           ####         1%          1    None
b - Conjure Flame         Conj/Fire      #####...     1%          3    #......
c - Mephitic Cloud        Conj/Pois/Air  ####....     4%          3    #......
e - Blink                 Tloc           N/A          7%          2    None


Dungeon Overview and Level Annotations

Branches:
Dungeon (6/15)
 Temple: D:4-7

Altars:
Trog


Innate Abilities, Weirdness & Mutations

You can breathe wild blasts of lightning.
Your glossy black scales are hard. (AC +6)
You cannot fit into any form of body armour.
You are resistant to electric shocks. (rElec)
You are cold-blooded and may be slowed by cold attacks.


Message History

Aim: a ynoxinul (lightly wounded)
The magic dart hits the ynoxinul.
The ynoxinul is moderately wounded.
The ynoxinul gestures.
You now have 22/24 mp.
Casting: Magic Dart
Confirm with . or Enter, or press ? or * to list all spells.
Aiming: Magic Dart
Press: ? - help, Shift-Dir - straight line, f/p - ynoxinul
Aim: a ynoxinul (moderately wounded)
The magic dart hits the ufetubus.
The ufetubus is almost dead.
The ufetubus hits you but does no damage.
The ufetubus misses you.
You now have 21/24 mp.
Casting: Magic Dart
Confirm with . or Enter, or press ? or * to list all spells.
Aiming: Magic Dart
Press: ? - help, Shift-Dir - straight line, f/p - ynoxinul
Aim: a ynoxinul (moderately wounded)
The magic dart hits the ufetubus.
The ufetubus is almost dead.
You now have 20/24 mp.
The ufetubus closely misses you. The ufetubus hits you.
* * * LOW HITPOINT WARNING * * *
You take 1 damage, and have 24/63 hp.
The ynoxinul gestures.
The ufetubus barely misses you.
The ufetubus hits you but does no damage.
The ufetubus hits you but does no damage.
The ufetubus barely misses you. The ufetubus barely misses you.
The ufetubus closely misses you.
You closely miss the ufetubus. You tail-slap the ufetubus.
The ufetubus is heavily wounded.
The ufetubus misses you. The ufetubus closely misses you.
Casting: Magic Dart
Confirm with . or Enter, or press ? or * to list all spells.
Aiming: Magic Dart
Press: ? - help, Shift-Dir - straight line, f/p - ynoxinul
Aim: a ynoxinul (moderately wounded)
The magic dart hits the ynoxinul.
The ynoxinul is heavily wounded.
You now have 21/24 mp.
Casting: Magic Dart
Confirm with . or Enter, or press ? or * to list all spells.
Aiming: Magic Dart
Press: ? - help, Shift-Dir - straight line, f/p - ynoxinul
Aim: a ynoxinul (heavily wounded)
The magic dart hits the ynoxinul.
The ynoxinul is heavily wounded.
The ynoxinul gestures at you. The iron shot hits you!
* * * LOW HITPOINT WARNING * * *
You take 12 damage, and have 13/63 hp.
You now have 20/24 mp.
Casting: Magic Dart
Confirm with . or Enter, or press ? or * to list all spells.
Aiming: Magic Dart
Press: ? - help, Shift-Dir - straight line, f/p - ynoxinul
Aim: a ynoxinul (heavily wounded)
The magic dart hits the ynoxinul.
The ynoxinul is severely wounded.
The ynoxinul hits you.
* * * LOW HITPOINT WARNING * * *
You take 3 damage, and have 10/63 hp.
You now have 19/24 mp.
Casting: Magic Dart
Confirm with . or Enter, or press ? or * to list all spells.
Aiming: Magic Dart
Press: ? - help, Shift-Dir - straight line, f/p - ynoxinul
Aim: a ynoxinul (severely wounded)
The magic dart hits the ynoxinul.
The ynoxinul is severely wounded.
The ynoxinul closely misses you.
You now have 18/24 mp.
Casting: Magic Dart
Confirm with . or Enter, or press ? or * to list all spells.
Aiming: Magic Dart
Press: ? - help, Shift-Dir - straight line, f/p - ynoxinul
Aim: a ynoxinul (severely wounded)
The magic dart hits the ynoxinul.
The ynoxinul is severely wounded.
The ynoxinul hits you but does no damage.
Casting: Magic Dart
Confirm with . or Enter, or press ? or * to list all spells.
Aiming: Magic Dart
Press: ? - help, Shift-Dir - straight line, f/p - ynoxinul
Aim: a ynoxinul (severely wounded)
The magic dart hits the ynoxinul.
The ynoxinul is severely wounded.
The ynoxinul barely misses you.
You now have 17/24 mp.
Casting: Magic Dart
Confirm with . or Enter, or press ? or * to list all spells.
Aiming: Magic Dart
Press: ? - help, Shift-Dir - straight line, f/p - ynoxinul
Aim: a ynoxinul (severely wounded)
The magic dart hits the ynoxinul.
The ynoxinul is almost dead.
The ynoxinul gestures at you. The iron shot hits you!
You die...

.. ...........
..............#
. ... .... ...#
.......... ...#
..). . ... ...#
........ .....#
. .# ......##.#
.# #.##.5# #.#
# ...#.5#@#
###..5553##
#.....#5##5# .
#..#.#.####
.......55# #
#....# #..#....
. #. ..# . ..
....# .


You could see a ynoxinul and 5 ufetubi.

Vanquished Creatures
  The ghost of Melicamp the Skirmisher, an amateur OgWn (D:4)
  Menkaure (D:4)
  An ice beast (D:6)
  An orc warrior (D:6)
  A phantom (D:6)
  A bullfrog (D:6)
  A scorpion (D:4)
  A howler monkey (D:4)
  A crimson imp (D:6)
  4 hounds
  3 jellies (D:2)
  4 orc priests
  A centaur skeleton (D:4)
  Ijyb (D:4)
  3 iguanas
  7 orc wizards
  7 worker ants
  8 adders
  A white imp (Abyss:1)
  9 oozes (D:2)
  2 adder skeletons (D:4)
  A worm (D:3)
  A dart slug (D:2)
  2 leopard geckos
  28 orcs
  2 giant cockroaches
  7 hobgoblins
  2 quokkas
  5 bats
  4 frilled lizards
  4 goblins
  A jackal zombie (D:5)
  18 kobolds
  A quokka skeleton (D:6)
  9 rats
144 creatures vanquished.

Vanquished Creatures (others)
  A wizard (D:5)
  9 fungi (D:2)
  4 toadstools (D:2)
14 creatures vanquished.

Grand Total: 158 creatures vanquished

Notes
Turn   | Place    | Note
-------+----------+-------------------------------------------
     0 | D:1      | Monsterracer the Draconian Wizard began the quest for the Orb.
     0 | D:1      | Reached XP level 1. HP: 14/14 MP: 4/4
   276 | D:1      | Reached skill level 2 in Conjurations
   340 | D:1      | Reached XP level 2. HP: 20/20 MP: 0/6
   344 | D:1      | Learned a level 2 spell: Blink
  1210 | D:2      | Reached skill level 3 in Conjurations
  1210 | D:2      | Reached XP level 3. HP: 26/26 MP: 7/7
  1215 | D:2      | Learned a level 3 spell: Conjure Flame
  1889 | D:2      | Reached skill level 4 in Conjurations
  1889 | D:2      | Reached XP level 4. HP: 19/33 MP: 0/8
  1897 | D:2      | HP: 16/33 [ooze (4)]
  1913 | D:2      | HP: 14/33 [ooze (4)]
  1920 | D:2      | HP: 12/33 [ooze (2)]
  2226 | D:2      | Reached skill level 5 in Conjurations
  2226 | D:2      | Reached XP level 5. HP: 36/38 MP: 1/9
  2266 | D:2      | Learned a level 3 spell: Mephitic Cloud
  2610 | D:3      | Reached skill level 1 in Fire Magic
  3281 | D:3      | Reached XP level 6. HP: 45/45 MP: 10/10
  3285 | D:3      | Got a steaming dagger
  3286 | D:3      | Identified the cursed +0 dagger of the Tooth {venom, Str+3 Int+4} (You found it on level 3 of the Dungeon)
  3650 | D:3      | Reached skill level 6 in Conjurations
  3823 | D:4      | Noticed Melicamp's ghost (amateur OgWn)
  3938 | D:4      | Killed Melicamp's ghost
  3938 | D:4      | Your scales start taking on a glossy black colour.
  3938 | D:4      | Reached XP level 7. HP: 48/50 MP: 11/13
  3938 | D:4      | Gained mutation: You are resistant to electric shocks. (rElec) [Black Draconian growth]
  4270 | D:4      | Reached skill level 7 in Conjurations
  4430 | D:4      | Reached skill level 1 in Fighting
  4679 | D:4      | Noticed Menkaure
  4700 | D:4      | Killed Menkaure
  4700 | D:4      | Reached XP level 8. HP: 48/60 MP: 8/14
  5156 | D:4      | Noticed Ijyb
  5162 | D:4      | Killed Ijyb
  5457 | D:5      | Entered Level 5 of the Dungeon
  5702 | D:5      | Found a bloodstained altar of Trog.
  5704 | D:5      | Noticed a wizard
  5708 | D:5      | Killed a wizard
  6400 | D:6      | Reached skill level 8 in Conjurations
  6400 | D:6      | Reached skill level 1 in Air Magic
  6664 | D:6      | Reached skill level 5 in Spellcasting
  6804 | D:6      | Got an ichor-stained flail
  6810 | D:6      | Got a smoking dagger
  6811 | D:6      | Identified the +3 dagger of Conscience {antimagic, rElec rC+} (You found it on level 6 of the Dungeon)
  6813 | D:6      | Identified the cursed +1 flail "Gejecwem" {distort, rPois rC- Str+8 SInv} (You found it on level 6 of the Dungeon)
  6826 | D:6      | Cast into level 1 of the Abyss (a distortion unwield)
  6826 | Abyss:1  | Found a corrupted altar of Lugonu.
  6916 | Abyss:1  | Noticed a worldbinder
  6925 | Abyss:1  | Noticed a smoke demon
  6939 | Abyss:1  | Noticed a tentacled starspawn
  6939 | Abyss:1  | HP: 31/63 [burnt (6)]
  6941 | Abyss:1  | Found a corrupted altar of Lugonu.
  6962 | Abyss:1  | Found a corrupted altar of Lugonu.
  6982 | Abyss:1  | HP: 24/63 [ufetubus[a ynoxinul] (1)]
  6989 | Abyss:1  | HP: 13/63 [ynoxinul/iron shot (12)]
  6994 | Abyss:1  | Killed from afar by a ynoxinul

Skill      XL: |  1  2  3  4  5  6  7  8 |
---------------+-------------------------+-----
Conjurations   | 2 3 4 5 6 7 8 |  8.5
Fire Magic     | 1 2 3 |  3.0
Spellcasting   | 4 5 |  5.1
Dodging        | 2 3 |  3.3
Fighting       | 1 3 |  3.2
Air Magic      | 2 |  2.1
Stealth        | |  1.8
Summonings     | |  1.0
Translocations | |  1.0

Action                   |  1- 3 |  4- 6 |  7- 9 || total
-------------------------+-------+-------+-------++-------
Melee: Dagger            |    26 |       |    41 ||    67
       Short sword       |       |    11 |       ||    11
       Tailslap          |       |     3 |     4 ||     7
       Unarmed           |       |       |     3 ||     3
 Cast: Magic Dart        |   109 |   144 |   243 ||   496
       Conjure Flame     |       |     1 |     2 ||     3
       Blink             |       |     1 |       ||     1
       Mephitic Cloud    |       |       |     4 ||     4
 Abil: Breathe Lightning |       |       |     1 ||     1
  Use: Scroll            |       |     9 |     7 ||    16
 Stab: Confused          |       |       |     1 ||     1
  Eat: Chunk             |     2 |     4 |     9 ||    15
       Ration            |       |     1 |       ||     1
Armor: Skin              |    14 |    33 |    43 ||    90
Dodge: Dodged            |    33 |    43 |    62 ||   138

Vault maps used:
D:1:      minmay_arrival_diagonal_passages, hangedman_abyss_or_decor_stabs
D:2:      cheibrodos_fertilizer, first_ration, minmay_fountain_box
D:3:      minmay_checkerbox
D:4:      uniq_menkaure, uniq_ijyb
D:5:      trog_wizard
D:6:      nicolae_whirlpool
Abyss:1:  hangedman_abyss_or_decor_jellyfish_corner,
          hangedman_abyss_or_decor_stagger
